[Event "Titled Tuesday Blitz August 08 Early 2023"]
[White "Mesfin, Leykun"]
[Black "NicolaiMaxime"]
[WhiteFideId "15700097"]
[WhiteElo "2231"]
[BlackElo "2491"]
[Result "0-1"]
[Round "3"]
[TimeControl "180+1"]
[Date "2023.08.08"]
[WhiteClock "0:00:15"]
[BlackClock "0:00:24"]
[Board "231"]

1. e4 c5 2. Nf3 Nc6 3. d4 cxd4 4. Nxd4 e5 5. Nxc6 bxc6 6. Bd3 Nf6 7. O-O Bb4 8. a3 Ba5 9. b4 Bb6 10. c4 O-O 11. c5 Bc7 12. Bg5 h6 13. Bh4 a5 14. Nc3 axb4 15. axb4 Rb8 16. Rb1 d6 17. Na4 d5 18. Nc3 g5 19. Bg3 dxe4 20. Nxe4 Nxe4 21. Bxe4 Qxd1 22. Rfxd1 f5 23. Bxc6 f4 24. b5 Bb7 25. Bxb7 Rxb7 26. Rd7 Rd8 27. Rxd8+ Bxd8 28. b6 Kf7 29. Rd1 Be7 30. Rc1 fxg3 31. hxg3 Bd8 32. c6 Rxb6 33. c7 Bxc7 34. Rxc7+ Kf6 35. Rh7 Kf5 36. Kh2 e4 37. Rf7+ Kg6 38. Re7 Kf5 39. g4+ Kf4 40. Re8 Rb2 41. Rf8+ Kxg4 42. Rf6 h5 43. Rf7 Rb5 44. Rf6 Rf5 45. Rxf5 Kxf5 46. Kg3 Ke5 47. Kh3 Kf4 48. Kh2 g4 49. g3+ Kf3 50. Kg1 e3 51. fxe3 Kxg3 52. e4 Kf4 53. e5 Kxe5 54. Kf2 Kf4 55. Kg2 h4 56. Kh2 h3 0-1


[Site "https://www.chess.com"]

[Event "Titled Tuesday Blitz August 08 Early 2023"]
[White "Shishkov, Andrei"]
[Black "Joshi, Pankaj"]
[WhiteFideId "4500563"]
[BlackFideId "5006210"]
[WhiteElo "2489"]
[BlackElo "2231"]
[Result "1-0"]
[Round "3"]
[TimeControl "180+1"]
[Date "2023.08.08"]
[WhiteClock "0:01:29"]
[BlackClock "0:01:45"]
[Board "232"]

1. d4 f5 2. g3 Nf6 3. Bg2 e6 4. Nh3 d5 5. O-O Bd6 6. c4 c6 7. Bf4 O-O 8. Nd2 Ne4 9. Nf3 h6 10. Bxd6 Qxd6 11. Nf4 Nd7 12. c5 Qe7 13. Ng6 Qf7 14. Nxf8 Qxf8 15. Nd2 g5 16. Nxe4 fxe4 17. f3 exf3 18. Rxf3 Nf6 19. Qd3 Qg7 20. Raf1 Ne4 21. Rf8+ Qxf8 22. Rxf8+ Kxf8 23. Bxe4 dxe4 24. Qxe4 Bd7 25. Qh7 Ke8 26. Qg8+ Ke7 27. Qxa8 g4 28. Qxb7 h5 29. Qxa7 h4 30. Qc7 h3 31. Kf2 e5 32. Qxe5+ Kd8 33. Ke3 Kc8 34. Kf4 Kb7 35. Qe7 Kb8 36. Qxd7 Ka8 37. Ke5 Kb8 38. Kd6 Ka8 39. Kxc6 Kb8 40. Qb7# 1-0


[Site "https://www.chess.com"]

[Event "Titled Tuesday Blitz August 08 Early 2023"]
[White "marik_spb"]
[Black "campochess"]
[WhiteElo "2483"]
[BlackElo "2217"]
[Result "1-0"]
[Round "3"]
[TimeControl "180+1"]
[Date "2023.08.08"]
[WhiteClock "0:00:18"]
[BlackClock "0:00:29"]
[Board "233"]

1. e4 Nc6 2. d4 e5 3. d5 Nce7 4. c4 Ng6 5. Nc3 Bb4 6. Ne2 Nf6 7. a3 Be7 8. f3 d6 9. Be3 a6 10. b4 Bd7 11. Ng3 Nh4 12. Qd2 O-O 13. Bd3 Ne8 14. O-O f5 15. exf5 Nxf5 16. Bxf5 Bxf5 17. c5 Bg6 18. Nge4 Nf6 19. a4 Nh5 20. a5 Nf4 21. c6 bxc6 22. dxc6 Rb8 23. Nd5 Ne6 24. Rfb1 Qe8 25. b5 axb5 26. a6 Bxe4 27. fxe4 Bd8 28. a7 Ra8 29. Rxb5 Qxc6 30. Rb8 Bh4 31. Rxf8+ Rxf8 32. Qa2 Ra8 33. Ne7+ Bxe7 34. Qxe6+ Kf8 35. Rf1+ Ke8 36. Bg5 Qc5+ 37. Kh1 d5 38. Bxe7 Qxe7 39. Qg8+ Kd7 40. Qxd5+ 1-0


[Site "https://www.chess.com"]

[Event "Titled Tuesday Blitz August 08 Early 2023"]
[White "Clawitter, Craig"]
[Black "Ocido, Michael"]
[WhiteFideId "2023105"]
[BlackFideId "115201920"]
[WhiteElo "2214"]
[BlackElo "2483"]
[Result "0-1"]
[Round "3"]
[TimeControl "180+1"]
[Date "2023.08.08"]
[WhiteClock "0:00:00"]
[BlackClock "0:00:17"]
[Board "234"]

1. e4 e6 2. d4 d5 3. e5 c5 4. c3 Nc6 5. Nf3 Qb6 6. a3 f6 7. Bd3 cxd4 8. cxd4 fxe5 9. dxe5 Nh6 10. O-O Nf7 11. Qe2 g6 12. Nc3 Bg7 13. Bf4 O-O 14. Na4 Qc7 15. Rac1 Qb8 16. Rfe1 Qc7 17. b4 a6 18. h4 Qe7 19. h5 g5 20. Be3 g4 21. Nh2 d4 22. Bd2 g3 23. Qe4 gxf2+ 24. Kh1 fxe1=Q+ 25. Rxe1 Nfxe5 26. Qxh7+ Kf7 27. Bh6 Ke8 28. Bg6+ Nxg6 29. Qxg6+ Qf7 30. Bxg7 Qxg6 31. hxg6 Rg8 32. Be5 Rxg6 33. Nc5 Ke7 34. Nf3 b6 35. Ne4 Bb7 36. Bd6+ Kd7 37. Bh2 Rh8 38. Kg1 Rgh6 0-1


[Site "https://www.chess.com"]

[Event "Titled Tuesday Blitz August 08 Early 2023"]
[White "Rottenwohrer Suarez, Juan"]
[Black "Thiel, Thomas"]
[WhiteFideId "32068182"]
[BlackFideId "4615964"]
[WhiteElo "2480"]
[BlackElo "2213"]
[Result "1-0"]
[Round "3"]
[TimeControl "180+1"]
[Date "2023.08.08"]
[WhiteClock "0:01:12"]
[BlackClock "0:02:24"]
[Board "235"]

1. e4 d5 2. exd5 Nf6 3. Nf3 Nxd5 4. d4 g6 5. c4 Nb6 6. Nc3 Bg7 7. Be2 O-O 8. O-O Bg4 9. Be3 Nc6 10. d5 Bxf3 11. gxf3 Na5 12. Bd4 e5 13. Bxb6 axb6 14. b4 e4 15. Rc1 1-0


[Site "https://www.chess.com"]

[Event "Titled Tuesday Blitz August 08 Early 2023"]
[White "Khan, Taffin"]
[Black "Mindhunter08"]
[WhiteFideId "19700024"]
[WhiteElo "2207"]
[BlackElo "2473"]
[Result "0-1"]
[Round "3"]
[TimeControl "180+1"]
[Date "2023.08.08"]
[WhiteClock "0:00:00"]
[BlackClock "0:00:03"]
[Board "236"]

1. d4 d5 2. Nf3 Nf6 3. g3 e6 4. Bg2 b5 5. O-O Bb7 6. a4 b4 7. Nbd2 Nbd7 8. c4 bxc3 9. bxc3 c5 10. c4 cxd4 11. Nxd4 Bc5 12. N4b3 Bb6 13. a5 Bc7 14. Ba3 Rb8 15. cxd5 Bxd5 16. Bxd5 Nxd5 17. e4 Nc3 18. Qc2 Nb5 19. Bb4 Ne5 20. Kg2 Qd3 21. Qxd3 Nxd3 22. Bc5 Be5 23. Rab1 Nc3 24. Ra1 Nxe4 25. Nxe4 Rxb3 26. Nd6+ Ke7 27. Rab1 Rhb8 28. Rxb3 Rxb3 29. Nc4+ Nxc5 30. Nxe5 Rb5 31. Nc6+ Kd6 32. Nxa7 Rxa5 33. Nc8+ Kc7 34. Ne7 Kd7 35. Ng8 Ra8 36. Rc1 Ne4 37. Rd1+ Nd6 0-1


[Site "https://www.chess.com"]

[Event "Titled Tuesday Blitz August 08 Early 2023"]
[White "Petersson, Kjell"]
[Black "MateoReyes"]
[WhiteFideId "1705148"]
[WhiteElo "2198"]
[BlackElo "2471"]
[Result "1/2-1/2"]
[Round "3"]
[TimeControl "180+1"]
[Date "2023.08.08"]
[WhiteClock "0:00:05"]
[BlackClock "0:00:33"]
[Board "237"]

1. d4 Nf6 2. Bf4 d5 3. e3 c5 4. c3 Nc6 5. Nd2 cxd4 6. exd4 Bf5 7. Qb3 Qb6 8. Ngf3 e6 9. Nh4 Bg6 10. Nxg6 hxg6 11. Bd3 Be7 12. h3 O-O 13. O-O Rfc8 14. Rfe1 Na5 15. Qc2 Bd6 16. Bxd6 Qxd6 17. Nf3 Nc6 18. Ne5 Nd7 19. Nxd7 Qxd7 20. Qd2 a6 21. a4 Na5 22. Qf4 Nc4 23. Re2 Qd6 24. Qxd6 Nxd6 25. f4 b5 26. axb5 axb5 27. Ree1 Rcb8 28. b4 Rc8 29. Rxa8 Rxa8 30. Re2 Ra3 31. Rc2 f5 32. Kf2 Kf7 33. g4 Kf6 34. Kf3 g5 35. fxg5+ Kxg5 36. gxf5 exf5 37. Kg3 Kf6 38. h4 Ra1 39. Kg2 Rd1 40. Be2 Re1 41. Bf3 Ke6 42. Re2+ Rxe2+ 43. Bxe2 f4 44. Kf3 Kf5 45. Bd3+ Ne4 46. Bxb5 Nxc3 47. Bd7+ Kf6 48. Kxf4 Ne2+ 49. Ke3 Nc3 50. b5 Na4 51. b6 Nxb6 52. Bc6 Ke6 53. Kf4 Kd6 54. Bb7 Ke6 55. Kg5 Kf7 56. h5 Ke7 57. Kg6 Kf8 58. Bc6 Nc8 59. Bd7 Ne7+ 60. Kg5 Kf7 61. Bb5 Ng8 62. Bc6 Nf6 63. Bb7 Ke7 64. Kg6 Kd6 65. h6 Ke7 66. hxg7 Ng8 67. Bxd5 Nf6 68. Bc4 Ne4 69. g8=Q Kd6 70. Qe6+ Kc7 71. Qxe4 Kd8 72. Qe6 Kc7 73. Bd5 Kb8 74. Qd7 1/2-1/2


[Site "https://www.chess.com"]

[Event "Titled Tuesday Blitz August 08 Early 2023"]
[White "AdvanceGuard4"]
[Black "Prohorov, Olexandr"]
[BlackFideId "14105578"]
[WhiteElo "2455"]
[BlackElo "2195"]
[Result "1-0"]
[Round "3"]
[TimeControl "180+1"]
[Date "2023.08.08"]
[WhiteClock "0:01:34"]
[BlackClock "0:00:00"]
[Board "238"]

1. d4 d6 2. Nf3 g6 3. c4 Bg7 4. h4 Nf6 5. h5 Nxh5 6. Nc3 Nf6 7. e4 Bg4 8. Be2 Nc6 9. Be3 Bxf3 10. Bxf3 e5 11. Ne2 exd4 12. Nxd4 Nxd4 13. Bxd4 O-O 14. Qd3 Re8 15. O-O-O Qe7 16. Rhe1 Nd7 17. Be3 Ne5 18. Qc2 Nxf3 19. gxf3 a6 20. Rh1 b5 21. c5 Rad8 22. cxd6 1-0


[Site "https://www.chess.com"]

[Event "Titled Tuesday Blitz August 08 Early 2023"]
[White "Vedder, Richard"]
[Black "Sabar Ethmane Daouda"]
[WhiteFideId "1004166"]
[BlackFideId "19600097"]
[WhiteElo "2413"]
[BlackElo "2193"]
[Result "1-0"]
[Round "3"]
[TimeControl "180+1"]
[Date "2023.08.08"]
[WhiteClock "0:02:14"]
[BlackClock "0:02:05"]
[Board "239"]

1. d4 d5 2. c4 e5 3. dxe5 d4 4. Nf3 Nc6 5. g3 Bg4 6. Bg2 Qd7 7. h3 Bf5 8. g4 Bg6 9. Bf4 h5 10. g5 h4 11. Nbd2 Bb4 12. O-O Bxd2 13. Qxd2 Nge7 14. Rfd1 Nf5 15. b4 O-O-O 16. b5 Nce7 17. a4 Kb8 18. a5 Nc8 19. b6 cxb6 20. e6+ 1-0


[Site "https://www.chess.com"]

[Event "Titled Tuesday Blitz August 08 Early 2023"]
[White "LionKing2367890"]
[Black "a-z30"]
[WhiteElo "2189"]
[BlackElo "2410"]
[Result "1-0"]
[Round "3"]
[TimeControl "180+1"]
[Date "2023.08.08"]
[WhiteClock "0:00:42"]
[BlackClock "0:00:00"]
[Board "240"]

1. e4 c5 2. Nf3 Nc6 3. d4 cxd4 4. Nxd4 Nf6 5. f3 d5 6. Nxc6 bxc6 7. e5 Nd7 8. f4 Nc5 9. c4 Ba6 10. Be3 e6 11. Nc3 Bxc4 12. Bxc4 dxc4 13. O-O Qxd1 14. Rfxd1 Be7 15. Rd4 O-O 16. Rxc4 Nd3 17. Rxc6 Nxb2 18. Rb1 Nd3 19. Rc7 Bd8 20. Rd7 Nxf4 21. Bxf4 Bb6+ 22. Kf1 Rfc8 23. Nb5 Rc2 24. Bg3 Rxa2 25. Nd6 Rf8 26. Nc4 f6 27. Nxb6 fxe5+ 28. Kg1 axb6 29. Bxe5 1-0


[Site "https://www.chess.com"]

[Event "Titled Tuesday Blitz August 08 Early 2023"]
[White "Kupervaser, Erez"]
[Black "Samarth J Rao"]
[WhiteFideId "2814587"]
[BlackFideId "46652370"]
[WhiteElo "2404"]
[BlackElo "2181"]
[Result "1-0"]
[Round "3"]
[TimeControl "180+1"]
[Date "2023.08.08"]
[WhiteClock "0:01:34"]
[BlackClock "0:01:11"]
[Board "241"]

1. e4 c5 2. Nf3 e6 3. d4 cxd4 4. Nxd4 a6 5. Nc3 Qc7 6. Bd3 b5 7. O-O Nf6 8. a3 Bb7 9. Kh1 Bd6 10. f4 e5 11. Nf5 O-O 12. Nxd6 Qxd6 13. fxe5 Qxe5 14. Bf4 Qc5 15. e5 Nd5 16. Ne4 Qb6 17. Qh5 Nxf4 18. Nf6+ Qxf6 19. Qxh7# 1-0


[Site "https://www.chess.com"]

[Event "Titled Tuesday Blitz August 08 Early 2023"]
[White "Dishman, Stephen"]
[Black "Preobrazhenska_D2011"]
[WhiteFideId "403024"]
[WhiteElo "2403"]
[BlackElo "2175"]
[Result "0-1"]
[Round "3"]
[TimeControl "180+1"]
[Date "2023.08.08"]
[WhiteClock "0:00:13"]
[BlackClock "0:00:09"]
[Board "242"]

1. c4 e5 2. g3 Nf6 3. Bg2 d5 4. cxd5 Nxd5 5. Nc3 Nb6 6. Nf3 Nc6 7. O-O Be7 8. d3 O-O 9. Be3 Be6 10. Rc1 f5 11. a3 Bf6 12. Na4 e4 13. dxe4 Qxd1 14. Rfxd1 Nxa4 15. exf5 Bxf5 16. b4 Nc3 17. Re1 a6 18. Bg5 Ne4 19. Bxf6 Rxf6 20. Nh4 Re8 21. Red1 Bc8 22. f4 g5 23. fxg5 Nxg5 24. Bd5+ Kg7 25. Rc2 Re7 26. Rcd2 Ne5 27. Kg2 Ng4 28. Rc1 Rf2+ 29. Kg1 Rf6 30. Ng2 Ne5 31. Nf4 Ne6 32. Nh5+ Kg6 33. Nxf6 Kxf6 34. Rf1+ Kg7 35. e4 Ng5 36. Kg2 Bh3+ 37. Kg1 Nef3+ 38. Kf2 Nxd2 39. Rc1 Ndxe4+ 40. Bxe4 Nxe4+ 41. Kf3 Ng5+ 42. Kf4 Ne6+ 43. Ke5 Nc5+ 44. Kd5 Nd3 45. Rc4 Bg2+ 46. Kd4 Ne5 47. Rc2 Nc6+ 48. Kc3 Be4 49. Rf2 Bg6 50. Rf4 Re3+ 51. Kb2 Ne5 52. Rd4 Nd3+ 53. Ka2 Re2+ 54. Kb3 Nc1+ 55. Kc3 Rc2# 0-1


[Site "https://www.chess.com"]

[Event "Titled Tuesday Blitz August 08 Early 2023"]
[White "Araujo Filho, Luiz Antonio Coel"]
[Black "Stork, Oliver"]
[WhiteFideId "2130661"]
[BlackFideId "12955728"]
[WhiteElo "2168"]
[BlackElo "2402"]
[Result "1-0"]
[Round "3"]
[TimeControl "180+1"]
[Date "2023.08.08"]
[WhiteClock "0:00:05"]
[BlackClock "0:00:05"]
[Board "243"]

1. d4 Nf6 2. Nf3 d5 3. e3 c5 4. c3 Nc6 5. Nbd2 g6 6. Be2 Bg7 7. O-O O-O 8. dxc5 a5 9. Nd4 Nd7 10. Nxc6 bxc6 11. Nb3 a4 12. Nd4 Qc7 13. c4 e5 14. Nf3 e4 15. Ng5 h6 16. Nh3 Nxc5 17. cxd5 Bxh3 18. gxh3 Rfd8 19. Qc2 cxd5 20. Bd2 Qb6 21. Bc3 Rac8 22. Rac1 Ne6 23. Qxa4 d4 24. exd4 Nf4 25. Bb5 Nxh3+ 26. Kg2 Nf4+ 27. Kg1 e3 28. fxe3 Nh3+ 29. Kg2 Ng5 30. Ba5 Qb7+ 31. Bc6 Qxb2+ 32. Rc2 Qb8 33. Bxd8 Rxd8 34. Bf3 Qb6 35. Qc6 Qb4 36. Qc3 Qd6 37. Qc7 Qf8 38. a4 Rb8 39. a5 Rb3 40. a6 Rxe3 41. a7 Ra3 42. Qb7 Nxf3 43. Rc8 Nh4+ 44. Kh1 Bxd4 45. Rxf8+ Kxf8 46. a8=Q+ Rxa8 47. Qxa8+ 1-0


[Site "https://www.chess.com"]

[Event "Titled Tuesday Blitz August 08 Early 2023"]
[White "Davidson, Kevin"]
[Black "Wong, Zhenyong Jayden"]
[WhiteFideId "2056810"]
[BlackFideId "5821975"]
[WhiteElo "2398"]
[BlackElo "2167"]
[Result "0-1"]
[Round "3"]
[TimeControl "180+1"]
[Date "2023.08.08"]
[WhiteClock "0:00:01"]
[BlackClock "0:01:22"]
[Board "244"]

1. e4 g6 2. d4 Bg7 3. Nc3 a6 4. f4 b5 5. Nf3 d6 6. Bd3 Nd7 7. a4 b4 8. Ne2 c5 9. c3 Ngf6 10. e5 Nd5 11. O-O Bb7 12. Ng5 e6 13. Ne4 Bf8 14. exd6 cxd4 15. cxd4 N7f6 16. Nc5 Bc8 17. a5 Bxd6 18. Qa4+ Kf8 19. Bd2 Kg7 20. Bxb4 Nxb4 21. Qxb4 Nd5 22. Qd2 Rb8 23. Nxa6 Bxa6 24. Bxa6 Bb4 25. Nc3 Bxa5 26. Bc4 Rxb2 27. Qxb2 Bxc3 28. Qe2 Bxd4+ 29. Kh1 Bxa1 30. Rxa1 Nxf4 31. Qf2 Nd5 32. Rf1 Rf8 33. Rd1 Qf6 34. Qd2 Nf4 35. Rf1 e5 36. g3 Qc6+ 37. Kg1 Nh3# 0-1


[Site "https://www.chess.com"]

[Event "Titled Tuesday Blitz August 08 Early 2023"]
[White "Mirzanurov, Bulat"]
[Black "Herman, Daniel"]
[WhiteFideId "4184521"]
[BlackFideId "30935008"]
[WhiteElo "2165"]
[BlackElo "2396"]
[Result "0-1"]
[Round "3"]
[TimeControl "180+1"]
[Date "2023.08.08"]
[WhiteClock "0:00:00"]
[BlackClock "0:00:17"]
[Board "245"]

1. e4 g6 2. d4 Bg7 3. Nc3 d6 4. f3 c6 5. Be3 b5 6. Qd2 b4 7. Nd1 a5 8. Nf2 c5 9. Ne2 cxd4 10. Nxd4 Bd7 11. Bc4 Nc6 12. O-O Nf6 13. a3 O-O 14. Nxc6 Bxc6 15. axb4 axb4 16. Qxb4 Rb8 17. Qa3 d5 18. Bd3 dxe4 19. fxe4 Nd7 20. Qa6 Bb7 21. Qa5 Bxb2 22. Qxd8 Rfxd8 23. Rab1 Bc6 24. Ng4 f6 25. Bf4 Bd4+ 26. Kh1 Rxb1 27. Rxb1 Nc5 28. e5 Nxd3 29. cxd3 f5 30. Ne3 Ra8 31. Nc4 Ra2 32. Nd2 Kg7 33. Nf3 Ba7 34. Rc1 Bd5 35. h3 h6 36. Rc7 Ra1+ 37. Kh2 Ra2 38. Rxe7+ Kf8 39. Rxa7 Rxa7 40. Bxh6+ Ke8 41. Nh4 Kf7 42. Bg5 Ra2 43. d4 Ra3 44. Bf6 Rd3 45. Nf3 Bxf3 46. gxf3 Rxd4 47. Kg3 Ke6 48. f4 Rd3+ 49. Kh4 Rd2 50. Kg5 Rg2+ 51. Kh6 Rg3 52. Kg7 Rxh3 53. Kxg6 Rg3+ 54. Bg5 Rg4 55. Kh6 Rg1 56. Kg6 Ra1 57. Kh6 Ra8 58. Kg6 Rg8+ 59. Kh5 Kf7 60. Kh4 Kg6 61. Kg3 Ra8 62. Kf3 Ra3+ 63. Ke2 Kf7 64. Kd2 Ke6 65. Kc2 Kd5 66. Kb2 Rf3 67. Kc2 Kd4 68. Kd2 Rf2+ 69. Ke1 Ra2 70. Kf1 Ke3 71. e6 Kf3 72. Kg1 Re2 73. e7 Rg2+ 74. Kf1 Re2 75. Kg1 Re4 76. Kf1 Ke3 77. Kg2 Kd4 78. Kh3 Kd5 79. Kh4 Kd6 80. Kh5 Re6 81. Bh4 Kd5 82. Bg5 Ke4 83. Kh4 Kf3 84. Kh5 Kg3 85. Bf6 Kxf4 86. Bg5+ Kg3 87. Bf6 f4 88. Kg6 f3 89. Kf7 Rxe7+ 90. Bxe7 f2 91. Bd6+ Kg2 92. Ke7 f1=Q 0-1


[Site "https://www.chess.com"]

[Event "Titled Tuesday Blitz August 08 Early 2023"]
[White "cycygogne"]
[Black "Llanos, Guillermo"]
[BlackFideId "100358"]
[WhiteElo "2165"]
[BlackElo "2393"]
[Result "0-1"]
[Round "3"]
[TimeControl "180+1"]
[Date "2023.08.08"]
[WhiteClock "0:00:14"]
[BlackClock "0:00:03"]
[Board "246"]

1. e3 d5 2. d4 c5 3. Nf3 Nc6 4. b3 cxd4 5. exd4 Bg4 6. Bb2 e6 7. h3 Bh5 8. g4 Bg6 9. Ne5 Nxe5 10. dxe5 a6 11. Bg2 h5 12. Nd2 hxg4 13. hxg4 Rxh1+ 14. Bxh1 Qh4 15. Qf3 Bxc2 16. Rc1 Bg6 17. a3 Nh6 18. Rc7 Nxg4 19. Bg2 Bf5 20. Nf1 Qd8 21. Qc3 Be7 22. Ng3 Bg6 23. Bh3 Nxe5 24. Qxe5 Bf6 25. Qf4 Bxb2 26. Bxe6 Bf6 27. Bh3 Kf8 28. Nf5 Qe8+ 29. Kf1 Qe4 30. Qxe4 dxe4 31. Nd6 Kg8 32. Bg2 Rd8 33. Nxe4 Rd1+ 34. Ke2 Rg1 35. Bf3 Ra1 36. Rxb7 Rxa3 37. Rb8+ Kh7 38. Nxf6+ gxf6 39. Rb6 Kg7 40. Bb7 a5 41. Rb5 Bb1 42. Bd5 Bc2 43. Rb7 Bg6 44. Kf3 a4 45. Kf4 axb3 46. Bxb3 Ra5 47. Bc4 Re5 48. Kg3 Rc5 49. Be2 Rc3+ 50. Bf3 Be4 51. Kf4 Bxf3 52. Rd7 Bc6 53. Re7 Rc5 54. Rc7 Rc4+ 55. Ke3 Bb5 56. Rxc4 Bxc4 57. Kd4 Be6 58. Ke3 Kg6 59. Kf4 f5 60. Kg3 Kg5 61. Kg2 f4 62. Kf1 Kg4 63. Kg1 Kf3 64. Kf1 Bc4+ 65. Kg1 Be2 66. Kh2 Kxf2 67. Kh3 f3 68. Kh4 Ke3 69. Kg5 f2 70. Kf6 f1=Q+ 71. Ke7 Bd3 72. Kd7 f6 73. Ke7 f5 74. Kd7 Qf4 75. Ke7 Kd4 76. Kd7 Kd5 77. Ke7 Qd6+ 0-1


[Site "https://www.chess.com"]

[Event "Titled Tuesday Blitz August 08 Early 2023"]
[White "Baruch, Liam"]
[Black "Nikologorsky, Matfei"]
[WhiteFideId "14322064"]
[BlackFideId "24102474"]
[WhiteElo "2164"]
[BlackElo "2392"]
[Result "0-1"]
[Round "3"]
[TimeControl "180+1"]
[Date "2023.08.08"]
[WhiteClock "0:00:26"]
[BlackClock "0:00:16"]
[Board "247"]

1. e4 c5 2. Nf3 e6 3. d4 cxd4 4. Nxd4 a6 5. Nc3 Qc7 6. Be2 b5 7. Be3 Bb7 8. a3 Nf6 9. f3 Nc6 10. O-O Bd6 11. h3 Bh2+ 12. Kh1 Bf4 13. Ndxb5 axb5 14. Nxb5 Qe5 15. Bxf4 Qxf4 16. Nd6+ Ke7 17. Nxb7 Rab8 18. Nc5 Rxb2 19. Nb3 Nh5 20. Kg1 Qe3+ 21. Rf2 Ng3 22. Qd3 Qb6 23. Rd1 Ne5 24. Qa6 Nxe2+ 25. Qxe2 Rc8 26. f4 Rcxc2 27. Rd2 Rxd2 28. Nxd2 Nc6 29. Kh2 Qd4 30. Qe1 Qc3 31. Qd1 Qxa3 32. Nc4 Qb3 33. Qd6+ Ke8 34. Rxb2 Qxc4 35. Rb8+ Nxb8 36. Qxb8+ Ke7 37. e5 Qxf4+ 38. Kg1 Qd4+ 39. Kf1 f6 40. exf6+ Qxf6+ 41. Kg1 Qd4+ 42. Kh2 Kf7 43. Qb1 Kf6 44. Qf1+ Ke7 45. Kg3 Qe5+ 46. Kg4 Qf5+ 47. Qxf5 exf5+ 48. Kxf5 Kd6 49. Ke4 Kc5 50. Kd3 Kd5 51. Ke3 Ke5 52. Kd3 d5 53. Ke3 g5 54. g3 d4+ 55. Kd3 Kd5 56. h4 g4 57. Kd2 Ke4 58. Ke2 h5 59. Kd2 Kf3 60. Kd3 Kxg3 61. Kxd4 Kxh4 62. Ke3 Kh3 63. Ke2 Kh2 64. Kf2 g3+ 65. Kf3 g2 66. Kf4 g1=Q 67. Kf5 Qe3 68. Kf6 h4 69. Kf5 Kg3 70. Kf6 h3 71. Kf5 h2 72. Kf6 h1=Q 0-1


[Site "https://www.chess.com"]

[Event "Titled Tuesday Blitz August 08 Early 2023"]
[White "Tarnowska, Aleksandra"]
[Black "EsmeraldasAnderson03"]
[WhiteFideId "1180967"]
[WhiteElo "2158"]
[BlackElo "2376"]
[Result "0-1"]
[Round "3"]
[TimeControl "180+1"]
[Date "2023.08.08"]
[WhiteClock "0:00:00"]
[BlackClock "0:01:57"]
[Board "248"]

1. e4 c5 2. Nf3 d6 3. Bb5+ Bd7 4. Bxd7+ Qxd7 5. O-O Nf6 6. Re1 g6 7. d4 cxd4 8. Qxd4 Nc6 9. Qe3 Bg7 10. c3 O-O 11. h3 e6 12. Nbd2 d5 13. e5 Ne8 14. Nb3 b6 15. Nbd4 Nc7 16. Nxc6 Qxc6 17. Qd4 Na6 18. Qh4 Qc4 19. Qg3 Nc5 20. Bg5 Nd3 21. Re2 Nf4 22. Rc2 Ne2+ 23. Rxe2 Qxe2 24. Bf6 Qxb2 25. Rf1 Qxc3 26. Qh4 h6 27. Bxg7 Kxg7 28. Qf6+ Kh7 29. Nh2 Qd3 30. Ng4 h5 31. Ne3 d4 0-1


[Site "https://www.chess.com"]

[Event "Titled Tuesday Blitz August 08 Early 2023"]
[White "Carrasco Miranda, Andres"]
[Black "Floresvillar Gonzalez, Luis Migu"]
[WhiteFideId "3405990"]
[BlackFideId "5100542"]
[WhiteElo "2371"]
[BlackElo "2150"]
[Result "1-0"]
[Round "3"]
[TimeControl "180+1"]
[Date "2023.08.08"]
[WhiteClock "0:01:33"]
[BlackClock "0:00:19"]
[Board "249"]

1. d4 d5 2. c4 c6 3. Nf3 Nf6 4. e3 Bf5 5. Nc3 e6 6. Nh4 Bg4 7. Qb3 Qc7 8. h3 Bh5 9. g4 Bg6 10. Nxg6 hxg6 11. Bg2 Nbd7 12. Bd2 dxc4 13. Qxc4 Rc8 14. Qb3 Bd6 15. Rc1 Qd8 16. Qxb7 Rb8 17. Qxc6 Qe7 18. Nb5 Bb4 19. Qc8+ Rxc8 20. Rxc8+ Qd8 21. Rxd8+ Kxd8 22. Bxb4 Nb6 23. Nd6 Ke7 24. Nc4+ Kd7 25. Nxb6+ axb6 26. Kd2 Nd5 27. Bxd5 exd5 28. h4 g5 29. h5 g6 30. f4 gxf4 31. exf4 Rh7 32. hxg6 Rxh1 33. g7 Rh2+ 34. Kc3 Rh3+ 35. Kc2 Rh2+ 36. Bd2 1-0


[Site "https://www.chess.com"]

[Event "Titled Tuesday Blitz August 08 Early 2023"]
[White "Kuchava, Ana"]
[Black "Melikhov, Evgeny V."]
[WhiteFideId "13605348"]
[BlackFideId "4122046"]
[WhiteElo "2148"]
[BlackElo "2367"]
[Result "1-0"]
[Round "3"]
[TimeControl "180+1"]
[Date "2023.08.08"]
[WhiteClock "0:00:20"]
[BlackClock "0:00:18"]
[Board "250"]

1. d4 Nf6 2. Nf3 d5 3. c4 e6 4. Nc3 Bb4 5. Qa4+ Nc6 6. e3 O-O 7. Bd3 dxc4 8. Bxc4 Bd6 9. O-O e5 10. d5 Ne7 11. e4 a6 12. Qc2 h6 13. b3 Ng6 14. Bb2 Nh7 15. Ne2 f5 16. exf5 Bxf5 17. Bd3 Bxd3 18. Qxd3 Nf4 19. Nxf4 exf4 20. Rfe1 Ng5 21. Nxg5 Qxg5 22. f3 Rae8 23. Re4 Rxe4 24. Qxe4 Bc5+ 25. Bd4 Qf6 26. Rd1 Bxd4+ 27. Rxd4 g5 28. d6 cxd6 29. Qd5+ Kg7 30. Qxd6 Qxd6 31. Rxd6 Rf7 32. Kf2 Re7 33. a4 h5 34. h3 Kf7 35. Rh6 h4 36. Rb6 Kg7 37. a5 Kf7 38. b4 Kg7 39. Rd6 Rc7 40. Rb6 Re7 41. Rd6 Kf7 42. Rb6 Ke8 43. Rg6 Re5 44. Rb6 Rb5 45. Rxb5 axb5 46. Ke2 Kd7 47. Kd3 Kc6 48. Ke4 Kd6 49. Kd4 Ke6 50. Kc5 Kd7 51. Kxb5 Kc7 52. Kc5 Kd7 53. Kb6 Kc8 54. a6 bxa6 55. Kxa6 Kb8 56. Kb6 Kc8 57. Ka7 1-0


[Site "https://www.chess.com"]

[Event "Titled Tuesday Blitz August 08 Early 2023"]
[White "Gu, Xiaobing"]
[Black "Butti, Enrique"]
[WhiteFideId "8602611"]
[BlackFideId "3700470"]
[WhiteElo "2364"]
[BlackElo "2147"]
[Result "1-0"]
[Round "3"]
[TimeControl "180+1"]
[Date "2023.08.08"]
[WhiteClock "0:00:08"]
[BlackClock "0:00:00"]
[Board "251"]

1. e4 c5 2. Nf3 d6 3. d4 cxd4 4. Nxd4 Nf6 5. Nc3 a6 6. Bg5 e6 7. Qe2 Be7 8. O-O-O h6 9. Be3 b5 10. e5 dxe5 11. Nxe6 Qxd1+ 12. Qxd1 Bxe6 13. Be2 Nbd7 14. Bf3 Rd8 15. Qe2 O-O 16. Rd1 b4 17. Nd5 Bxd5 18. Bxd5 a5 19. g4 Nb8 20. Bb3 Rc8 21. g5 hxg5 22. Bxg5 Nc6 23. Rg1 Rfe8 24. Bh6 Bf8 25. Qe3 Nd4 26. Rxg7+ Bxg7 27. Qg5 Nh5 28. Qxh5 Bxh6+ 29. Qxh6 Rc6 30. Qh5 Re7 31. Bd5 Rd6 32. Be4 Rc7 33. b3 Kf8 34. Qxe5 Rdd7 35. Qh8+ Ke7 36. Qe5+ Kf8 37. Qxa5 Ne2+ 38. Kb2 Nc3 39. Qxb4+ Kg7 40. a4 Rd1 41. Qxc3+ Rxc3 42. Kxc3 Kf6 43. Kb4 Ke5 44. Bd3 Rd2 45. a5 Rxf2 46. a6 Rg2 47. a7 Rg8 48. Bb5 f5 49. Bc6 f4 50. a8=Q 1-0


[Site "https://www.chess.com"]

[Event "Titled Tuesday Blitz August 08 Early 2023"]
[White "Der_Balak_3Halak"]
[Black "Sailer, Mike"]
[BlackFideId "2012901"]
[WhiteElo "2363"]
[BlackElo "2146"]
[Result "1-0"]
[Round "3"]
[TimeControl "180+1"]
[Date "2023.08.08"]
[WhiteClock "0:00:47"]
[BlackClock "0:00:11"]
[Board "252"]

1. e4 d5 2. exd5 Qxd5 3. Nf3 Bg4 4. Be2 Nc6 5. O-O O-O-O 6. c4 Qf5 7. h3 h5 8. hxg4 hxg4 9. Nh2 Nf6 10. Bxg4 Nxg4 11. Qxg4 Qxg4 12. Nxg4 Nd4 13. Nc3 Rd6 14. d3 Rg6 15. Ne5 Re6 16. Nxf7 Nf3+ 17. gxf3 Rg6+ 18. Ng5 Rgh6 19. Bf4 e5 20. Nf7 Rg6+ 21. Bg3 Rh5 22. Kg2 Rf6 23. Nxe5 Bd6 24. Rh1 Rxh1 25. Rxh1 Bxe5 26. Bxe5 1-0


[Site "https://www.chess.com"]

[Event "Titled Tuesday Blitz August 08 Early 2023"]
[White "Ai, Evan"]
[Black "Feliz Dotel, Dewar Bienvenido"]
[WhiteFideId "2094770"]
[BlackFideId "6402801"]
[WhiteElo "2362"]
[BlackElo "2142"]
[Result "0-1"]
[Round "3"]
[TimeControl "180+1"]
[Date "2023.08.08"]
[WhiteClock "0:00:07"]
[BlackClock "0:00:35"]
[Board "253"]

1. d4 d5 2. c4 e6 3. Nc3 c5 4. cxd5 exd5 5. Nf3 Nc6 6. dxc5 Nf6 7. Bg5 Bxc5 8. e3 O-O 9. Bd3 d4 10. Ne4 Qa5+ 11. Nfd2 Nxe4 12. Bxe4 dxe3 13. fxe3 Bb4 14. a3 Bxd2+ 15. Qxd2 Qxg5 16. O-O Be6 17. Rf4 Rfd8 18. Qf2 Ne5 19. Rf1 h6 20. Bxb7 Nd3 21. Qf3 Nxf4 22. exf4 Qc5+ 23. Kh1 Rab8 24. f5 Bd5 0-1


[Site "https://www.chess.com"]